 Dungeon Crawl Stone Soup version 0.22.1-2-g9c5b331383 (webtiles) character file.

7434 Gargoyl the Cleaver (level 10, -1/84 HPs)
             Began as a Centaur Abyssal Knight on Dec 24, 2018.
             Was an Elder of Lugonu.
             Slain by a white ugly thing (34 damage)
             ... on level 11 of the Dungeon.
             The game lasted 00:22:40 (13568 turns).

Gargoyl the Cleaver (Centaur Abyssal Knight)       Turns: 13568, Time: 00:22:40

Health: -1/84      AC: 14    Str: 17    XL:     10   Next: 93%
Magic:  15/15      EV:  2    Int: 11    God:    Lugonu [****..]
Gold:   470        SH:  8    Dex: 10    Spells: 9/9 levels left

rFire    . . .     SeeInvis .   a - +1 hand axe
rCold    . . .     Gourm    .   x - +0 shield
rNeg     . . .     Faith    .   s - +0 plate armour
rPois    +         Spirit   .   n - +2 helmet
rElec    .         Reflect  .   v - +1 cloak
rCorr    .         Harm     .   i - -4 pair of gloves of Shadows and Fog {Slay+5} (curse)
MR       +....                  (no barding)
Stlth    ..........             (no amulet)
HPRegen  0.24/turn              e - ring of poison resistance
MPRegen  0.14/turn              f - ring of protection from magic

@: very quick
A: large, hooves 3, deformed body, speed 2, tough skin 3
a: Depart the Abyss, Bend Space, Banish, Corrupt, Renounce Religion


You were on level 11 of the Dungeon.
You worshipped Lugonu.
Lugonu was greatly pleased with you.
You were near starving.

You visited 1 branch of the dungeon, and saw 11 of its levels.
You visited the Abyss 1 time.

You collected 745 gold pieces.
You spent 275 gold pieces at shops.

Inventory:

Hand Weapons
 a - a +1 hand axe (weapon)
 G - a +0 war axe
Armour
 i - the cursed -4 pair of gloves of Shadows and Fog (worn) {Slay+5}
   (You bought it in a shop on level 6 of the Dungeon)

   It affects your accuracy and damage with ranged weapons and melee attacks
   (+5).
   It has a curse placed upon it.
 n - a +2 helmet (worn)
 s - a +0 plate armour (worn)
 v - a +1 cloak (worn)
 x - a +0 shield (worn)
 D - a cursed +0 pair of gloves
Jewellery
 b - an uncursed ring of protection from cold
 e - a ring of poison resistance (left hand)
 f - a ring of protection from magic (right hand)
 C - an uncursed ring of resist corrosion
Wands
 y - a wand of digging (31)
 E - a wand of acid (7)
Scrolls
 d - 5 scrolls of teleportation
 j - a scroll of fear
 k - 2 scrolls of identify
 l - 3 scrolls of remove curse
 o - 2 scrolls of blinking
 u - 5 scrolls of magic mapping
 B - 2 scrolls of immolation
 I - a scroll of enchant armour
Potions
 g - 2 potions of agility
 h - 7 potions of heal wounds
 m - a potion of berserk rage
 p - 2 potions of brilliance {unknown}
 q - 6 potions of curing
 r - 3 potions of haste {unknown}
 t - a potion of lignification {unknown}
 w - 2 potions of flight {unknown}
 z - a potion of resistance {unknown}
 F - a potion of mutation {unknown}
 H - a potion of might {unknown}
Comestibles
 c - 20 rations


   Skills:
 + Level 6.4 Fighting
 + Level 8.7 Axes
 + Level 1.8 Throwing
 * Level 8.0 Armour
 + Level 1.4 Dodging
 + Level 2.6 Shields
 * Level 7.2 Invocations


You had 9 spell levels left.
You didn't know any spells.
Your spell library contained the following spells:

 Spells                   Type           Power        Failure   Level  Hunger
 Corona                   Hex            #......      100%        1    ##.....
 Ensorcelled Hibernation  Hex/Ice        #.....       100%        2    ###....
 Confuse                  Hex            #.......     100%        3    ####...
 Dazzling Spray           Conj/Hex       #.....       100%        3    ####...
 Tukima's Dance           Hex            #.......     100%        3    ####...


Dungeon Overview and Level Annotations

Branches:
Dungeon (11/15)            Temple (0/1) D:4            Lair (0/6) D:10
    Orc (0/2) D:9

Altars:
Ashenzari
Cheibriados
Dithmenos
Elyvilon
Hepliaklqana
Kikubaaqudgha
Okawaru
Qazlal
Sif Muna
Trog
The Shining One

Shops:
D:4 =   D:5 =   D:6 ?([(=


Innate Abilities, Weirdness & Mutations

You have hooves in place of feet.
Armour fits poorly on your strangely shaped body.
You cover ground very quickly.
You have extremely tough skin. (AC +3)


Message History

There isn't anything to butcher here.
You see here a javelin.
You see here 2 javelins.
Your shield and plate armour prevent you from hitting the white ugly thing.
The white ugly thing bites you but does no damage.
Your plate armour prevents you from hitting the white ugly thing.
You kick the white ugly thing.
The white ugly thing is lightly wounded.
The white ugly thing bites you but does no damage.
You hit the white ugly thing.
The white ugly thing is lightly wounded.
The white ugly thing bites you but does no damage.
Your plate armour prevents you from hitting the white ugly thing.
You kick the white ugly thing.
The white ugly thing is lightly wounded.
The white ugly thing bites you! The white ugly thing freezes you!!
You hit the white ugly thing. You kick the white ugly thing.
The white ugly thing is moderately wounded.
The white ugly thing bites you. The white ugly thing freezes you!!
You die...

########## ####.u......#
.....######.##############
###..# #..u...........#
#..###################.######
#..#...<)...(.@u..............
#.u#.#################.#######
#..#.# ..# #(o#.# ### #..#.#
#..#.# #..#.# #oC#.# ###..#.#


You could see a white ugly thing.

Vanquished Creatures
  Joseph (D:8)
  A komodo dragon (D:10)
  3 trolls (D:10)
  A hippogriff (D:10)
  Eustachio (D:5)
  2 hungry ghosts
  A water moccasin (D:9)
  A hornet zombie (D:9)
  3 sky beasts
  2 ice beasts
  3 black bears
  3 orc warriors
  4 ogres
  3 phantoms
  2 centaurs
  A big kobold (D:7)
  2 bullfrogs
  2 wyvern skeletons
  4 scorpions
  5 killer bees (D:8)
  2 vampire bats (D:7)
  8 wights (D:10)
  8 crimson imps
  2 howler monkeys (D:9)
  A quasit (D:9)
  A bullfrog zombie (D:5)
  2 jellies
  7 orc priests
  A bullfrog skeleton (D:8)
  5 hounds
  Ijyb (D:3)
  2 iguanas
  6 orc wizards
  A centaur skeleton (D:3)
  Jessica (D:2)
  A gnoll shaman (D:6)
  Terence (D:2)
  10 worker ants
  A hound skeleton (D:7)
  A hound zombie (D:9)
  7 gnolls (D:6)
  5 adders
  An ooze (D:1)
  2 adder skeletons (D:9)
  3 worms
  A dart slug (D:5)
  3 leopard geckos
  39 orcs
  6 bats
  2 bat skeletons (D:7)
  4 bat zombies (D:7)
  7 giant cockroaches
  5 goblins
  7 hobgoblins
  17 jackals
  6 kobolds
  4 quokkas
  A ball python (D:4)
  4 frilled lizards
  A jackal skeleton (D:8)
  2 leopard gecko skeletons
  7 rats
  A plant (D:10)
242 creatures vanquished.

Vanquished Creatures (collateral kills)
  An oklob plant (D:10)
1 creature vanquished.

Vanquished Creatures (others)
  An unseen horror (D:10)
  A troll (D:9)
  2 plants (D:10)
4 creatures vanquished.

Grand Total: 247 creatures vanquished

Notes
Turn   | Place    | Note
-------+----------+-------------------------------------------
     0 | Abyss:1  | Gargoyl the Centaur Abyssal Knight began the quest for the
                  | Orb.
     0 | Abyss:1  | Reached XP level 1. HP: 19/19 MP: 2/2
    29 | Abyss:1  | Found a corrupted altar of Lugonu.
   121 | Abyss:1  | Noticed a small abomination
   172 | Abyss:2  | Found a corrupted altar of Lugonu.
   227 | Abyss:2  | Noticed a lich
   250 | Abyss:3  | Found a corrupted altar of Lugonu.
   251 | Abyss:3  | Noticed a worldbinder
   270 | Abyss:3  | Noticed a manticore
   272 | D:1      | Escaped the Abyss
   497 | D:1      | Reached XP level 2. HP: 25/26 MP: 3/3
   557 | D:1      | Reached * piety under Lugonu
   847 | D:1      | Reached XP level 3. HP: 31/31 MP: 4/4
  1495 | D:2      | Noticed Jessica
  1498 | D:2      | Killed Jessica
  1498 | D:2      | Reached XP level 4. HP: 40/40 MP: 5/5
  1824 | D:2      | Reached ** piety under Lugonu
  1916 | D:2      | Noticed Terence
  1928 | D:2      | Killed Terence
  2033 | D:3      | Noticed Ijyb
  2104 | D:3      | Killed Ijyb
  2104 | D:3      | Reached XP level 5. HP: 37/46 MP: 6/6
  2760 | D:3      | Found a faded altar of an unknown god.
  2933 | D:3      | Reached skill level 1 in Dodging
  2933 | D:3      | Reached XP level 6. HP: 20/52 MP: 8/8
  3314 | D:4      | Found a glowing golden altar of the Shining One.
  3532 | D:4      | Found Giefak's Jewellery Shop.
  3616 | D:4      | Found a staircase to the Ecumenical Temple.
  4032 | D:4      | Found a hazy altar of Hepliaklqana.
  4086 | D:4      | Reached XP level 7. HP: 37/59 MP: 9/9
  4449 | D:4      | Found a snail-covered altar of Cheibriados.
  4489 | D:5      | Entered Level 5 of the Dungeon
  4567 | D:5      | Noticed Eustachio
  4594 | D:5      | Killed Eustachio
  4594 | D:5      | Reached skill level 1 in Throwing
  4777 | D:5      | Found a shadowy altar of Dithmenos.
  4940 | D:5      | Found Rigin's Jewellery Shop.
  4950 | D:5      | Reached skill level 5 in Axes
  5686 | D:6      | Found Beal's Weapon Emporium.
  5751 | D:6      | Found a white marble altar of Elyvilon.
  5771 | D:6      | Reached *** piety under Lugonu
  5771 | D:6      | Reached XP level 8. HP: 53/67 MP: 11/11
  5881 | D:6      | Found a deep blue altar of Sif Muna.
  5904 | D:6      | Found Ibanecaa's Antique Armour Emporium.
  5947 | D:6      | Bought a pair of faintly glowing gloves for 275 gold pieces
  5952 | D:6      | Identified the cursed -4 pair of gloves of Shadows and Fog
                  | {Slay+5} (You bought it in a shop on level 6 of the
                  | Dungeon)
  5979 | D:6      | Found a bloodstained altar of Trog.
  6021 | D:6      | Found Qinuneg's Magic Scroll Shoppe.
  6450 | D:6      | Found Esank's Jewellery Shoppe.
  6504 | D:6      | Found Ciots's Weapon Emporium.
  7084 | D:7      | Reached skill level 5 in Fighting
  7084 | D:7      | Reached skill level 5 in Armour
  7601 | D:7      | Reached skill level 5 in Invocations
  7616 | D:7      | Found an ancient bone altar of Kikubaaqudgha.
  7693 | D:7      | Found an iron altar of Okawaru.
  7952 | D:7      | Reached skill level 1 in Shields
  7952 | D:7      | Reached XP level 9. HP: 68/74 MP: 12/12
  8069 | D:7      | Reached **** piety under Lugonu
  8244 | D:8      | Found a stormy altar of Qazlal.
  8333 | D:8      | Found a shattered altar of Ashenzari.
  8393 | D:8      | Noticed Joseph
  8410 | D:8      | Killed Joseph
  9948 | D:9      | Reached XP level 10. HP: 62/83 MP: 14/14
 10298 | D:9      | HP: 1/83 [troll (7)]
 10669 | D:9      | Found a staircase to the Orcish Mines.
 11016 | D:10     | Entered Level 10 of the Dungeon
 11636 | D:10     | Found a staircase to the Lair.
 11636 | D:10     | Noticed an oklob plant
 11874 | D:10     | Killed an oklob plant
 12191 | D:10     | Reached ***** piety under Lugonu
 13065 | D:10     | Banished an unseen horror
 13426 | D:11     | Noticed a white ugly thing
 13435 | D:11     | Noticed a cyclops
 13568 | D:11     | Slain by a white ugly thing

Skill      XL: |  1  2  3  4  5  6  7  8  9 10 |
---------------+-------------------------------+-----
Axes           | 2 3 4 5 6 7 8 |  8.7
Armour         | 2 3 4 5 6 8 |  8.0
Fighting       | 4 5 6 |  6.4
Invocations    | 3 4 5 6 7 |  7.2
Dodging        | 1 |  1.4
Throwing       | 1 |  1.8
Shields        | 1 2 |  2.6

Action                   |  1- 3 |  4- 6 |  7- 9 | 10-12 || total
-------------------------+-------+-------+-------+-------++-------
Melee: Hand axe          |    62 |   245 |   452 |   253 ||  1012
       Kick              |    12 |    39 |   103 |    77 ||   231
       Unarmed           |       |    10 |       |       ||    10
Throw: Tomahawk          |     2 |       |       |       ||     2
       Javelin           |       |    18 |     4 |    11 ||    33
Invok: Depart the Abyss  |     1 |       |       |       ||     1
       Banish            |       |       |       |     2 ||     2
  Use: Scroll            |     6 |     4 |     6 |     1 ||    17
       Potion            |     1 |     1 |     5 |       ||     7
  Eat: Chunk             |       |     8 |    12 |     7 ||    27
       Ration            |       |       |     2 |     2 ||     4
Armor: Scale mail        |    44 |   113 |       |       ||   157
       Leather armour    |     1 |       |       |       ||     1
       Skin              |       |    15 |       |       ||    15
       Plate armour      |       |    44 |   396 |   180 ||   620
Dodge: Dodged            |    23 |    80 |    41 |     8 ||   152
Block: Shield            |       |       |    89 |    90 ||   179
